 Dungeon Crawl Stone Soup version 0.21.1-1-g345015fe64 (webtiles) character file.

17934 Kohma the Carver (level 12, -1/97 HPs)
             Began as a Demonspawn Berserker on June 20, 2018.
             Was a High Priest of Trog.
             Slain by Erolcha
             ... wielding a +0 giant club
              (14 damage)
             ... on level 11 of the Dungeon.
             The game lasted 00:41:38 (12249 turns).

Kohma the Carver (Demonspawn Berserker)            Turns: 12249, Time: 00:41:39

Health: -1/97      AC: 10    Str: 20    XL:     12   Next: 23%
Magic:  0/4        EV: 11    Int: 12    God:    Trog [*****.]
Gold:   710        SH: 18    Dex: 19    Spells: 11/11 levels left

rFire    . . .     SeeInvis .   e - +2 long sword (antimagic)
rCold    . . .     Gourm    .   d - +0 shield
rNeg     . . .     Faith    .   t - +1 steam dragon scales of Leapfrog {rPois Int+3 Dex+4}
rPois    +         Spirit   +   l - +0 hat
rElec    .         Reflect  .   A - +0 cloak
rCorr    .         Harm     .   s - +1 pair of gloves
MR       ++...                  (no boots)
Stlth    +++.......             (no amulet)
HPRegen  1.26/turn              r - ring of poison resistance
MPRegen  0.18/turn              v - ring of stealth

@: regenerating, hasted, very quick
A: talons 2, large bone plates 2, magic shield, magic regeneration, rot immunity
a: Berserk, Trog's Hand, Brothers in Arms, Burn Spellbooks, Renounce Religion


You were on level 11 of the Dungeon.
You worshipped Trog.
Trog was extremely pleased with you.
You were not hungry.

You visited 2 branches of the dungeon, and saw 12 of its levels.
You also visited: Ossuary and Bailey.

You collected 710 gold pieces.

Inventory:

Hand Weapons
 a - a +2 long sword of distortion
 e - a +2 antimagic long sword (weapon)
 w - a +0 arbalest
 C - a +0 long sword of venom
Missiles
 m - 34 bolts
Armour
 d - a +0 shield (worn)
 l - a +0 hat (worn)
 s - a +1 pair of gloves (worn)
 t - the +1 steam dragon scales of Leapfrog (worn) {rPois Int+3 Dex+4}
   (You found it on level 7 of the Dungeon)

   It affects your intelligence (+3).
   It affects your dexterity (+4).
   It protects you from poison.
 A - a +0 cloak (worn)
Jewellery
 r - a ring of poison resistance (left hand)
 v - a ring of stealth (right hand)
 D - a cursed ring of teleportation {unknown}
Wands
 j - a wand of disintegration (15)
 p - a wand of flame (39)
 y - a wand of paralysis (19)
Scrolls
 f - 2 scrolls of teleportation
 g - a scroll of noise
 i - 8 scrolls of identify
 k - 4 scrolls of remove curse
 z - a scroll of enchant armour
 B - 2 scrolls of enchant weapon
 F - a scroll of fear
Potions
 b - 7 potions of lignification
 h - a potion of haste
 n - 3 potions of brilliance
 o - a potion of agility
 q - 5 potions of curing
 x - a potion of cancellation
Miscellaneous
 u - a fan of gales
Comestibles
 c - 16 rations


   Skills:
 - Level 10.1 Fighting
 * Level 13.3 Long Blades
 + Level 3.7 Armour
 - Level 1.7 Dodging
 + Level 8.9 Shields


You had 11 spell levels left.
You didn't know any spells.

Dungeon Overview and Level Annotations

Branches:
Dungeon (11/15)            Temple (1/1) D:4            Lair (0/6) D:9
    Orc: D:9-12

Altars:
Ashenzari
Cheibriados
Dithmenos
Elyvilon
Fedhas
Gozag
Hepliaklqana
Kikubaaqudgha
Makhleb
Nemelex Xobeh
Okawaru
Qazlal
Ru
Sif Muna
Trog
Uskayaw
Vehumet
Wu Jian
Xom
Yredelemnul
Zin
The Shining One

Annotations:
D:11 Erolcha


Innate Abilities, Weirdness & Mutations

You have razor-sharp toenails.
You are mostly covered in large bone plates. (SH +6)
When hurt, damage is shared between your health and your magic reserves.
You regenerate magic rapidly.
You are immune to rotting.


Message History

You see here a flail.
You completely miss something. Something hits you!
You hit something. You claw something. You completely miss something.
Your kick misses something. Something hits you but does no damage.
You barely miss something. You claw something.
You hit something but do no damage. You claw something.
You hear some strange, mumbled words.
A bolt of lightning appears from out of thin air!
The bolt of lightning hits you!
You completely miss something. You claw something. You hit something.
Something hits you!!
* * * LOW HITPOINT WARNING * * *
You hit something. Your kick misses something.
Your skin crawls.
You feel resistant to hostile enchantments.
You feel quite a bit more hungry. Something hits you!!
* * * LOW HITPOINT WARNING * * *
You feel yourself speed up. Something hits you!
You die...

###.##........(
#.........†..
#########.........
#...# ##########
#####...##############
......................
#####...##############
..#####...###...# #
.......@..>.'..)' .
..##......###...# .
##.._..# .# # #.....#
#.....# ####..# #.##
...


There were no monsters in sight!

Vanquished Creatures
  Josephine (D:10)
  5 two-headed ogres
  An alligator (shapeshifter) (D:9)
  Sonja (D:11)
  An orc knight (Bailey)
  A manticore (D:11)
  A komodo dragon (D:11)
  A troll (D:6)
  A hornet (D:9)
  Prince Ribbit (D:9)
  3 hippogriffs
  2 wraiths (D:10)
  9 yaks
  The ghost of turnburgler the Agent of Entropy, an amateur DsAK of Lugonu (D:4)
  3 porcupines (D:9)
  A soldier ant (D:10)
  11 orc warriors
  An ice beast (D:9)
  7 sky beasts
  A black bear (D:9)
  6 ogres
  4 centaurs
  A crocodile (D:11)
  2 big kobolds
  3 elf zombies (Ossuary)
  12 bullfrogs
  6 scorpions
  3 killer bees
  2 howler monkeys
  5 crimson imps
  7 hounds
  2 quasits
  A bullfrog zombie (D:9)
  2 centaur zombies
  A human zombie (Ossuary)
  2 jellies
  3 bullfrog skeletons
  5 orc priests
  2 centaur skeletons
  10 worker ants
  Terence (D:3)
  2 iguanas
  6 orc wizards
  Ijyb (D:3)
  A big kobold zombie (Ossuary)
  A hound skeleton (D:5)
  3 mummies (Ossuary)
  3 worker ant zombies
  3 gnolls (D:9)
  10 adders
  3 howler monkey skeletons
  A shadow imp (D:11)
  2 oozes
  3 adder skeletons
  3 adder zombies (Ossuary)
  4 worms
  A dart slug (D:1)
  6 leopard geckos
  29 orcs
  6 bats
  13 giant cockroaches
  2 gnoll zombies (Ossuary)
  7 hobgoblins
  11 jackals
  5 quokkas
  A ball python skeleton (D:4)
  7 frilled lizards
  12 goblins
  4 goblin zombies (Ossuary)
  4 hobgoblin zombies (Ossuary)
  A jackal skeleton (D:7)
  5 jackal zombies
  14 kobolds
  A leopard gecko skeleton (D:4)
  An orc zombie (Ossuary)
  2 quokka skeletons
  6 quokka zombies
  7 rats
  3 rat zombies (Ossuary)
  4 plants (D:9)
331 creatures vanquished.

Vanquished Creatures (collateral kills)
  An orc knight (Bailey)
  A hungry ghost (D:6)
  2 orc warriors (Bailey)
  A killer bee (D:6)
  A jackal (D:10)
6 creatures vanquished.

Vanquished Creatures (others)
  A two-headed ogre (D:8)
  A yak (D:9)
  A wraith (D:10)
  A porcupine (D:9)
  An ice beast (D:9)
  An orc warrior (Bailey)
  A phantom (D:7)
  An ogre (D:7)
  A bullfrog (D:8)
  A scorpion (D:9)
  A human zombie (Ossuary)
  A jackal (D:10)
  A gnoll zombie (Ossuary)
  14 fungi (D:9)
  3 plants (D:9)
30 creatures vanquished.

Grand Total: 367 creatures vanquished

Notes
Turn   | Place    | Note
-------+----------+-------------------------------------------
     0 | D:1      | Kohma the Demonspawn Berserker began the quest for the Orb.
     0 | D:1      | Reached XP level 1. HP: 18/18 MP: 1/1
    66 | D:1      | Reached skill level 3 in Long Blades
    82 | D:1      | Gained mutation: When hurt, damage is shared between your health and your magic reserves. [demonic ancestry]
    82 | D:1      | Reached XP level 2. HP: 12/24 MP: 2/2
   809 | D:2      | Gained mutation: You are immune to rotting. [demonic ancestry]
   809 | D:2      | Reached XP level 3. HP: 25/29 MP: 3/3
   876 | D:2      | Reached ** piety under Trog
  1465 | D:2      | Found a blossoming altar of Fedhas.
  1763 | D:3      | Noticed Ijyb
  1776 | D:3      | Killed Ijyb
  1776 | D:3      | Reached skill level 4 in Long Blades
  1776 | D:3      | Reached XP level 4. HP: 35/37 MP: 2/4
  2628 | D:3      | Noticed Terence
  2650 | D:3      | Killed Terence
  2650 | D:3      | Gained mutation: You have sharp toenails. [demonic ancestry]
  2650 | D:3      | Reached XP level 5. HP: 19/42 MP: 2/5
  3076 | D:4      | Reached skill level 5 in Long Blades
  3092 | D:4      | Reached *** piety under Trog
  3104 | D:4      | Gained mutation: You regenerate magic rapidly. [demonic ancestry]
  3104 | D:4      | Reached XP level 6. HP: 20/49 MP: 4/6
  3397 | D:4      | Noticed turnburgler's ghost (amateur DsAK)
  3400 | D:4      | Found an iron altar of Okawaru.
  3419 | D:4      | Killed turnburgler's ghost
  3419 | D:4      | Reached skill level 1 in Shields
  3545 | D:4      | Reached skill level 5 in Fighting
  3609 | D:4      | Found a staircase to the Ecumenical Temple.
  3647 | Temple   | Entered the Ecumenical Temple
  4237 | D:5      | Entered Level 5 of the Dungeon
  4237 | D:5      | Found a stormy altar of Qazlal.
  4255 | D:5      | Reached skill level 6 in Long Blades
  4255 | D:5      | Reached XP level 7. HP: 52/56 MP: 7/7
  4832 | D:5      | Reached skill level 7 in Long Blades
  4852 | D:5      | Gained mutation: You are partially covered in large bone plates. (SH +4) [demonic ancestry]
  4852 | D:5      | Reached XP level 8. HP: 64/64 MP: 8/8
  4858 | D:5      | Found Buc Kei's Gadget Shoppe.
  4923 | D:5      | Reached **** piety under Trog
  5281 | D:6      | Found a hide-covered altar of Uskayaw.
  5285 | D:6      | Found a transporter.
  5286 | D:6      | Noticed a troll
  5296 | D:6      | Found a transporter.
  5342 | D:6      | Killed a troll
  5343 | D:6      | Reached skill level 8 in Long Blades
  5491 | D:6      | Found a radiant altar of Vehumet.
  6112 | D:7      | Noticed a hippogriff
  6119 | D:7      | Killed a hippogriff
  6122 | D:7      | Gained mutation: You have razor-sharp toenails. [demonic ancestry]
  6122 | D:7      | Reached XP level 9. HP: 54/71 MP: 7/9
  6240 | D:7      | Got fine steam dragon scales
  6251 | D:7      | Identified the +1 steam dragon scales of Leapfrog {rPois Int+3 Dex+4} (You found it on level 7 of the Dungeon)
  6577 | D:7      | Reached skill level 9 in Long Blades
  6618 | D:7      | Found a burning altar of Makhleb.
  6676 | D:7      | Found a sacrificial altar of Ru.
  6676 | D:7      | Found a shimmering altar of Xom.
  6835 | D:7      | Found a deep blue altar of Sif Muna.
  6912 | D:8      | Noticed a two-headed ogre
  6939 | D:8      | Killed a two-headed ogre
  6939 | D:8      | Reached skill level 5 in Shields
  7347 | D:8      | Noticed a two-headed ogre
  7357 | D:8      | Killed a two-headed ogre
  7357 | D:8      | Reached skill level 10 in Long Blades
  7357 | D:8      | Gained mutation: You are mostly covered in large bone plates. (SH +6) [demonic ancestry]
  7357 | D:8      | Reached XP level 10. HP: 69/80 MP: 8/10
  7384 | D:8      | Found a sand-covered staircase.
  7390 | Ossuary  | Entered an ossuary
  7595 | Ossuary  | Reached ***** piety under Trog
  7710 | D:8      | Noticed a two-headed ogre
  7717 | D:8      | Killed a two-headed ogre
  8024 | D:8      | Noticed a two-headed ogre
  8032 | D:8      | Banished a two-headed ogre
  8426 | D:9      | Reached skill level 11 in Long Blades
  8433 | D:9      | Found a staircase to the Lair.
  8566 | D:9      | Reached XP level 11. HP: 22/89 MP: 4/11
  9160 | D:9      | Found a snail-covered altar of Cheibriados.
  9169 | D:9      | Found a stormy altar of Qazlal.
  9311 | D:9      | Noticed Prince Ribbit
  9322 | D:9      | Killed Prince Ribbit
  9338 | D:9      | Received a gift from Trog
  9689 | D:9      | Noticed a two-headed ogre
  9713 | D:9      | Killed a two-headed ogre
  9853 | D:9      | Reached skill level 12 in Long Blades
  9996 | D:9      | Noticed a two-headed ogre
 10130 | D:9      | Noticed an alligator
 10137 | D:9      | Killed an alligator
 10278 | D:10     | Entered Level 10 of the Dungeon
 10336 | D:10     | Noticed Josephine
 10337 | D:10     | Found a flagged portal.
 10417 | Bailey   | Entered a bailey
 10419 | Bailey   | Noticed an orc knight
 10438 | Bailey   | HP: 1/90 [orc warrior/bolt (16)]
 10682 | Bailey   | Noticed an orc knight
 10682 | Bailey   | Noticed an orc knight
 10692 | Bailey   | Killed an orc knight
 10712 | Bailey   | Got a spiked ring mail
 10717 | Bailey   | Banished an orc knight
 10717 | Bailey   | Reached skill level 10 in Fighting
 11062 | Bailey   | Killed an orc knight
 11129 | Bailey   | Identified the cursed +0 ring mail of Action {Str+6 Dex-2} (You found it in a bailey)
 11169 | D:10     | Killed Josephine
 11773 | D:11     | Noticed Sonja
 11785 | D:11     | Killed Sonja
 11785 | D:11     | Reached skill level 13 in Long Blades
 11785 | D:11     | Reached XP level 12. HP: 90/97 MP: 4/12
 11826 | D:11     | Noticed a two-headed ogre
 11834 | D:11     | Killed a two-headed ogre
 12227 | D:11     | Found a radiant altar of Vehumet.
 12232 | D:11     | Noticed Erolcha
 12249 | D:11     | Slain by Erolcha

Skill      XL: |  1  2  3  4  5  6  7  8  9 10 11 |
---------------+----------------------------------+-----
Long Blades    | 3 4 5 6 7 8 10 11 13 | 13.3
Fighting       | 4 5 6 8 9 10 | 10.1
Shields        | 1 2 4 5 7 8 |  8.9
Armour         | 3 |  3.7
Dodging        | |  1.7

Action                   |  1- 3 |  4- 6 |  7- 9 | 10-12 || total
-------------------------+-------+-------+-------+-------++-------
Melee: Falchion          |     9 |       |       |       ||     9
       Dagger            |   136 |   170 |   161 |       ||   467
       Kick              |       |    23 |    99 |   222 ||   344
       Long sword        |       |       |   134 |   540 ||   674
 Fire: Arbalest          |       |       |       |    47 ||    47
Invok: Berserk           |     2 |     2 |     7 |     7 ||    18
       Trog's Hand       |     1 |       |     2 |     5 ||     8
       Brothers in Arms  |       |       |     1 |     3 ||     4
       Burn Spellbooks   |       |       |       |     1 ||     1
Evoke: Wand              |       |       |       |     1 ||     1
  Use: Scroll            |       |     6 |    10 |    14 ||    30
       Potion            |       |       |       |     3 ||     3
 Stab: Distracted        |       |       |     1 |     1 ||     2
       Sleeping          |       |       |       |     7 ||     7
  Eat: Chunk             |     4 |    10 |    10 |     9 ||    33
       Ration            |       |       |     3 |     5 ||     8
Armor: Leather armour    |     3 |       |       |       ||     3
       Ring mail         |    40 |    28 |       |       ||    68
       Scale mail        |       |    48 |   100 |       ||   148
       Steam dragon scal |       |       |    13 |    73 ||    86
Dodge: Dodged            |    67 |    82 |    98 |   138 ||   385
Block: Shield            |       |    16 |   176 |   366 ||   558
       Other             |       |       |       |     3 ||     3
       Rpst.: Falchion   |     2 |       |       |       ||     2
       Long sword        |       |       |     8 |    34 ||    42
